 Dungeon Crawl Stone Soup version 0.17-a0-2127-g1cb09f6 (webtiles) character file.

112413 Ijustatesigmund the Grappler (level 16, -5/156 HPs)
             Began as a Troll Monk on Oct 22, 2015.
             Was a High Priest of Okawaru.
             Slain by a water elemental (12 damage)
             ... on level 1 of the Shoals on Oct 23, 2015.
             The game lasted 02:31:41 (28951 turns).

Ijustatesigmund the Grappler (Troll Monk)          Turns: 28951, Time: 02:31:41

Health: -5/156     AC: 15    Str: 23    XL:     16   Next: 11%
Magic:  21/21      EV: 15    Int: 11    God:    Okawaru [*****.]
Gold:   2941       SH: 13    Dex: 15    Spells: 4 memorised, 3 levels left

rFire  . . .     SeeInvis .       - Unarmed
rCold  . . .     Clarity  +     r - +2 robe {Archmagi}
rNeg   . . .     SustAt   .     a - +2 shield {reflect}
rPois  .         Gourm    +     O - +2 hat {Int+3}
rElec  .         Spirit   .     i - +2 cloak {MR+}
rCorr  .         Warding  .     (gloves unavailable)
rMut   .         Stasis   .     (boots unavailable)
MR     ++...                    c - amulet of clarity
Stlth  ++........               v - +3 ring of protection
                                N - +3 ring of evasion

@: engulfed (cannot breathe), hasted, very quick, very resistant to hostile
enchantments, unstealthy
A: unfitting armour, claws 3, fast metabolism 3, gourmand, regeneration 2,
shaggy fur 1, tough skin 2
a: Heroism, Finesse, Renounce Religion


You were on level 1 of the Shoals.
You worshipped Okawaru.
Okawaru was extremely pleased with you.
You were very full.

You visited 6 branches of the dungeon, and saw 29 of its levels.
You also visited: Labyrinth.

You collected 3170 gold pieces.
You spent 229 gold pieces at shops.

Inventory:

Hand Weapons
 p - a +1 giant club of electrocution
Missiles
 q - 12 curare-tipped needles
 w - 6 poisoned javelins
 x - 95 poisoned needles
 C - 13 large rocks (quivered)
 P - 2 steel javelins
Armour
 a - a +2 shield of reflection (worn)
 i - a +2 cloak of magic resistance (worn)
 r - a +2 robe of the Archmagi (worn)
 y - the +6 large shield "Roocixt" {rN+ Str+2}
   (Okawaru gifted it to you on level 4 of the Lair of Beasts)

   It affects your strength (+2).
   It protects you from negative energy.
 I - a +1 robe of fire resistance
 O - a +2 hat of intelligence (worn)
Jewellery
 c - an amulet of clarity (around neck)
 o - an uncursed ring of sustain attributes
 s - an uncursed ring of wizardry
 v - a +3 ring of protection (right claw)
 F - an uncursed ring of wizardry
 N - a +3 ring of evasion (left claw)
 Q - an uncursed amulet of resist corrosion
 Y - an uncursed ring of protection from magic
Wands
 D - a wand of frost (28)
 E - a wand of polymorph (11)
 M - a wand of disintegration (13)
 T - a wand of disintegration (8)
 V - a wand of fireball (3)
Scrolls
 g - a scroll of remove curse
 k - 2 scrolls of fog
 u - a scroll of teleportation
 z - 4 scrolls of identify
 A - 2 scrolls of brand weapon
 G - 2 scrolls of fear
 H - a scroll of immolation
 R - 3 scrolls of recharging
Potions
 e - 2 potions of cancellation
 f - 3 potions of ambrosia
 h - 2 potions of magic
 j - a potion of flight
 m - a potion of resistance
 n - a potion of agility
 t - a potion of invisibility
 K - 2 potions of brilliance
 L - 5 potions of curing
Books
 J - a book of Death

   Spells                             Type                      Level
   a - Corpse Rot                     Necromancy                   2
   b - Sublimation of Blood           Necromancy                   2
   c - Agony                          Necromancy                   5
   d - Dispel Undead                  Necromancy                   5
   e - Excruciating Wounds            Charms/Necromancy            5
   f - Bolt of Draining               Conjuration/Necromancy       5
Comestibles
 b - 15 bread rations
 d - 18 meat rations
 B - 4 fruits
 S - 3 chunks of flesh


   Skills:
 - Level 9.4 Fighting
 - Level 6.1 Maces & Flails
 - Level 6.5 Throwing
 - Level 5.3 Dodging
 - Level 1.7 Stealth
 + Level 8.2 Shields
 - Level 14.0 Unarmed Combat
 - Level 1.4 Spellcasting
 + Level 4.3 Conjurations
 - Level 10.3 Transmutations
 + Level 3.8 Fire Magic
 + Level 2.7 Poison Magic
 - Level 9.1 Invocations


You had 3 spell levels left.
You knew the following spells:

 Your Spells              Type           Power        Failure   Level  Hunger
a - Beastly Appendage     Trmt           #####.       1%          1    ##.....
b - Blade Hands           Trmt           #####.....   17%         5    ######.
c - Ignite Poison         Fire/Trmt/Pois ###.....     12%         3    ####...
d - Irradiate             Conj/Trmt      ####......   54%         5    ######.


Dungeon Overview and Level Annotations

Branches:
Dungeon (14/15)            Temple (1/1) D:5            Lair (8/8) D:11
 Shoals (1/4) Lair:5       Spider (1/4) Lair:6        Slime (0/6) Lair:6
    Orc (4/4) D:11            Elf (0/3) Orc:3        Vaults (0/5) D:13

Altars:
Ashenzari
Cheibriados
Dithmenos
Elyvilon
Fedhas
Gozag
Kikubaaqudgha
Makhleb
Nemelex Xobeh
Okawaru
Qazlal
Ru
Sif Muna
Trog
Vehumet
Xom
Yredelemnul
Zin
The Shining One
Beogh

Shops:
D:4 %:   D:7 [%   D:10 *   D:12 }   Orc:2 *   Orc:4 (=*[

Portals:
Hell: Lair:8

Annotations:
D:14 Nessos


Innate Abilities, Weirdness & Mutations

You are too large for most types of armour.
You have claws for hands.
Your metabolism is lightning-fast.
You like to eat raw meat.
You heal very quickly.
You are covered in fur (AC +1).
You have very tough skin (AC +2).


Message History

* * * LOW HITPOINT WARNING * * *
Your lungs strain for air!
The water elemental closely misses you.
The merfolk hits you from afar with a vampiric trident!
* * * LOW HITPOINT WARNING * * *
You barely miss the water elemental.
The water elemental is almost destroyed.
* * * LOW HITPOINT WARNING * * *
Your lungs strain for air!
The water elemental hits you.
* * * LOW HITPOINT WARNING * * *
Use which ability?
Okay, then.
Drink which item? (? for menu, Esc to quit)
You feel yourself speed up.
* * * LOW HITPOINT WARNING * * *
Your lungs strain for air!
The merfolk hits you but does no damage.
The water elemental hits you!
You die...

...........###.≈≈≈≈≈≈≈≈≈
...............≈≈≈≈≈≈≈≈≈
.........≈....≈...≈≈≈≈≈≈
..≈≈≈≈...≈≈≈≈≈≈...≈≈≈≈≈≈
....≈≈≈≈.....≈≈≈≈≈
.....≈≈..%....≈≈≈
.###......#...≈≈≈
####........≈.
#..@.###..# #..)E# ...
....≈m.# .. ≈≈..≈≈≈≈..
≈≈≈≈≈≈≈≈≈.. ≈≈≈≈≈≈≈≈≈≈≈.
≈≈≈≈≈≈≈≈≈.≈≈≈
≈≈≈≈≈≈≈≈≈>..≈≈


You could see a merfolk and a water elemental.

Vanquished Creatures
  Rupert (D:12)
  Gastronok (D:12)
  Frances (D:14)
  Maud (D:13)
  An orc warlord (Orc:4)
  Azrael (D:13)
  4 dire elephants
  Snorg (D:13)
  A minotaur (Lab)
  The ghost of brucemayne the Severer, a journeyman DsBe of Trog (Orc:4)
  Josephine (D:12)
  4 slime creatures
  A vault guard (D:13)
  Harold (Orc:2)
  A catoblepas (Lair:7)
  11 hydras
  Erica (D:8)
  2 centaur warriors
  A merfolk aquamancer (Shoals:1)
  2 tengu warriors (D:13)
  A sun demon (Lair:8)
  Urug (D:12)
  An orc high priest (Orc:4)
  Nergalle (Orc:3)
  The ghost of fredomojojo the Shield-Bearer, a novice MiFi of Okawaru (D:6)
  An unseen horror (D:12)
  10 hill giants
  Pikel (D:7)
  6 orc knights
  A wizard (Lair:8)
  A wolf spider (Lair:6)
  A manticore (D:14)
  2 harpies (Shoals:1)
  3 orc sorcerers (Orc:4)
  An orb spider (Lair:6)
  3 griffons
  2 ugly things
  A sixfirhy (Lair:8)
  2 cyclopes
  A siren (Shoals:1)
  26 elephants
  Maurice (Orc:1)
  An octopode (shapeshifter) (D:13)
  11 black mambas
  4 orange demons (Lair:8)
  A torpor snail (Lair:6)
  8 komodo dragons
  19 spiny frogs
  2 tengu conjurers (D:13)
  A hellwing (Lair:8)
  2 fire drakes (Lair:5)
  2 trolls
  3 blue devils (Lair:8)
  2 two-headed ogres
  A polar bear (Lair:8)
  A jumping spider (Lair:6)
  2 red devils (Lair:8)
  The ghost of Nico3ck the Sneak, an amateur FoAs (D:3)
  37 blink frogs
  2 fire elementals (D:13)
  Dowan (D:7)
  2 deep elf magi
  2 wyverns
  8 hippogriffs
  A tarantella (Lair:6)
  2 basilisks
  2 water elementals (Shoals:1)
  42 yaks
  8 wraiths
  2 trapdoor spiders
  3 hungry ghosts
  2 shadows
  A mottled dragon (D:13)
  7 wolves
  2 vampire mosquitoes (Lair:5)
  A steam dragon (Lair:6)
  15 water moccasins
  An insubstantial wisp (Lair:5)
  7 wargs
  4 phantoms
  23 porcupines
  Duvessa (D:7)
  A sky beast (D:7)
  3 slaves (D:7)
  4 hell hounds
  A black bear (D:11)
  33 orc warriors
  A wasp (D:11)
  13 ogres
  An ice beast (D:11)
  An eye of draining (D:14)
  20 crocodiles
  8 centaurs
  15 giant frogs
  A wyvern zombie (D:13)
  6 scorpions
  A wyvern skeleton (D:8)
  4 jellies
  3 spriggan skeletons (D:9)
  4 electric eels
  23 killer bees
  8 crimson imps
  4 centaur skeletons
  3 centaur zombies
  2 giant frog zombies
  4 giant frog skeletons
  9 iguanas
  3 quasits
  42 orc wizards
  23 orc priests
  7 hounds
  10 worker ants
  29 sheep
  A worker ant zombie (D:6)
  17 adders
  20 river rats
  3 shadow imps
  An ooze (D:1)
  An adder skeleton (D:7)
  A worm (D:2)
  6 giant geckos
  178 orcs
  6 bats
  6 hobgoblins
  6 kobolds
  7 ball pythons
  5 giant cockroaches
  5 giant newts
  3 goblins
  7 jackals
  3 quokkas
  12 rats
  2 plants
920 creatures vanquished.

Vanquished Creatures (others)
  A slave (D:7)
  A centaur (D:11)
  A crocodile (Lair:6)
  An orc (Orc:3)
  A bush (Lair:8)
  22 fungi
  22 plants
49 creatures vanquished.

Grand Total: 969 creatures vanquished

Notes
Turn   | Place    | Note
--------------------------------------------------------------
     0 | D:1      | Ijustatesigmund the Troll Monk began the quest for the Orb.
     0 | D:1      | Reached XP level 1. HP: 22/22 MP: 0/0
   173 | D:1      | Reached XP level 2. HP: 29/29 MP: 1/1
   694 | D:2      | Reached skill level 5 in Unarmed Combat
   694 | D:2      | Reached XP level 3. HP: 17/36 MP: 2/2
  1049 | D:2      | Found a basalt altar of Yredelemnul.
  1464 | D:2      | Found a deep blue altar of Sif Muna.
  1517 | D:3      | Noticed Nico3ck's ghost (amateur FoAs)
  1541 | D:3      | Killed Nico3ck's ghost
  1541 | D:3      | Reached skill level 7 in Unarmed Combat
  1541 | D:3      | Reached XP level 4. HP: 20/44 MP: 3/3
  1541 | D:3      | Reached XP level 5. HP: 22/50 MP: 4/4
  1857 | D:3      | Reached XP level 6. HP: 59/59 MP: 5/5
  2150 | D:3      | Reached skill level 1 in Throwing
  2312 | D:4      | Found Libeass's Book Shoppe.
  2344 | D:4      | Found Usuboimn's Food Shop.
  2363 | D:4      | Found a glowing silver altar of Zin.
  2363 | D:4      | Found a shattered altar of Ashenzari.
  2364 | D:4      | Found a bloodstained altar of Trog.
  2581 | D:4      | Found a sacrificial altar of Ru.
  2647 | D:4      | Reached XP level 7. HP: 67/67 MP: 6/6
  2700 | D:4      | Found a radiant altar of Vehumet.
  2701 | D:4      | Found an opulent altar of Gozag.
  3097 | D:5      | Entered Level 5 of the Dungeon
  3175 | D:5      | Reached skill level 8 in Unarmed Combat
  3557 | D:5      | Found a staircase to the Ecumenical Temple.
  3623 | Temple   | Entered the Ecumenical Temple
  3939 | D:5      | Reached XP level 8. HP: 48/79 MP: 7/7
  4308 | D:6      | Reached skill level 5 in Maces & Flails
  4423 | D:6      | Noticed fredomojojo's ghost (novice MiFi)
  4639 | D:7      | Found an iron altar of Okawaru.
  4691 | D:7      | Became a worshipper of Warmaster Okawaru
  4691 | D:7      | Reached * piety under Okawaru
  4691 | D:7      | Reached ** piety under Okawaru
  4726 | D:7      | Reached XP level 9. HP: 85/85 MP: 8/8
  4815 | D:7      | Noticed Pikel
  4818 | D:7      | Noticed Duvessa
  4821 | D:7      | Killed Pikel
  4821 | D:7      | Reached skill level 5 in Dodging
  4830 | D:7      | Noticed Dowan
  4843 | D:7      | Killed Duvessa
  4848 | D:7      | Killed Dowan
  4848 | D:7      | Reached *** piety under Okawaru
  4848 | D:7      | Reached skill level 1 in Invocations
  4870 | D:7      | Found Xedan's Antique Armour Boutique.
  4875 | D:7      | Bought a glowing cloak for 85 gold pieces
  4875 | D:7      | Bought a glowing robe for 13 gold pieces
  5141 | D:7      | Found Kiufoi's Food Shop.
  5236 | D:7      | Found a sparkling altar of Nemelex Xobeh.
  5252 | D:7      | Reached skill level 9 in Unarmed Combat
  5769 | D:8      | Reached skill level 5 in Fighting
  5934 | D:8      | Reached **** piety under Okawaru
  5934 | D:8      | Reached XP level 10. HP: 96/96 MP: 11/11
  6110 | D:8      | Noticed Erica
  6141 | D:8      | HP: 4/96 [something (1)]
  6146 | D:8      | Killed Erica
  6146 | D:8      | Received a gift from Okawaru
  6146 | D:8      | Reached skill level 10 in Unarmed Combat
  6761 | D:9      | Found a white marble altar of Elyvilon.
  7033 | D:9      | Learned a level 1 spell: Beastly Appendage
  7159 | D:9      | Reached skill level 1 in Transmutations
  7325 | D:9      | Reached ***** piety under Okawaru
  7763 | D:6      | Found a burning altar of Makhleb.
  7789 | D:6      | Killed fredomojojo's ghost
  7789 | D:6      | Reached skill level 11 in Unarmed Combat
  7943 | D:6      | Found a snail-covered altar of Cheibriados.
  8310 | D:10     | Entered Level 10 of the Dungeon
  8479 | D:10     | Reached XP level 11. HP: 28/109 MP: 9/12
  8891 | D:10     | Identified a scroll of acquirement
  8981 | D:10     | Noticed a hill giant
  8990 | D:10     | Killed a hill giant
  8990 | D:10     | Received a gift from Okawaru
  9050 | D:10     | Found Wulariri's General Store.
  9131 | D:10     | Noticed a cyclops
  9143 | D:10     | Killed a cyclops
  9143 | D:10     | Reached skill level 1 in Shields
  9391 | D:11     | Found a staircase to the Lair.
  9573 | D:11     | Noticed a hill giant
  9583 | D:11     | Killed a hill giant
  9623 | D:11     | Noticed a hill giant
  9630 | D:11     | Killed a hill giant
  9652 | D:11     | Reached skill level 5 in Shields
  9704 | D:11     | Found a staircase to the Orcish Mines.
  9788 | D:11     | Found a radiant altar of Vehumet.
 10172 | D:12     | Noticed Josephine
 10172 | D:12     | Noticed Rupert
 10182 | D:12     | Found Lyeves's Gadget Boutique.
 10324 | D:12     | Noticed Urug
 10340 | D:12     | Killed Urug
 10389 | D:12     | Noticed a hill giant
 10398 | D:12     | Killed a hill giant
 10521 | D:12     | Reached XP level 12. HP: 93/118 MP: 11/14
 10547 | D:12     | Found a roughly hewn altar of Beogh.
 10659 | D:12     | Noticed an eight-headed hydra
 10667 | D:12     | Killed an eight-headed hydra
 10810 | D:12     | Noticed Gastronok
 10837 | D:12     | Killed Gastronok
 10837 | D:12     | Received a gift from Okawaru
 10837 | D:12     | Reached skill level 5 in Invocations
 10983 | D:12     | Killed Rupert
 10983 | D:12     | Reached skill level 5 in Transmutations
 11000 | D:12     | Got a polished demon trident {god gift}
 11001 | D:12     | Identified the +6 demon trident "Iniuhada" {vamp, MR+} (Okawaru gifted it to you on level 12 of the Dungeon)
 11038 | D:12     | Noticed an eight-headed hydra
 11149 | D:12     | Killed Josephine
 11748 | D:12     | Killed an eight-headed hydra
 11835 | D:12     | Killed an unseen horror
 11844 | D:12     | HP: 5/118 [hill giant/giant spiked club (37)]
 12025 | D:12     | Learned a level 5 spell: Blade Hands
 12330 | D:13     | Noticed Snorg
 12341 | D:13     | Killed Snorg
 12341 | D:13     | Received a gift from Okawaru
 12357 | D:13     | Noticed Azrael
 12409 | D:11     | Reached XP level 13. HP: 51/127 MP: 17/17
 12528 | Lair:1   | Entered Level 1 of the Lair of Beasts
 14206 | Lair:2   | Reached skill level 1 in Spellcasting
 15155 | Lair:3   | Received a gift from Okawaru
 15202 | Lair:3   | Found a sacrificial altar of Ru.
 15716 | Lair:4   | Received a gift from Okawaru
 15836 | Lair:4   | Got a faintly glowing hat
 15847 | Lair:4   | Identified the cursed +0 hat "Oxay" {+Blink Str-4 Int-3 Stlth+} (You found it on level 4 of the Lair of Beasts)
 16048 | Lair:4   | Received a gift from Okawaru
 16051 | Lair:4   | Got a jewelled large shield {god gift}
 16062 | Lair:4   | Identified the +6 large shield "Roocixt" {rN+ Str+2} (Okawaru gifted it to you on level 4 of the Lair of Beasts)
 16395 | Lair:4   | Reached skill level 5 in Throwing
 17224 | Lair:5   | Reached XP level 14. HP: 140/140 MP: 19/19
 17259 | Lair:5   | Learned a level 3 spell: Ignite Poison
 17276 | Lair:5   | Found a staircase to the Shoals.
 17745 | Lair:6   | Found a hole to the Spider Nest.
 17751 | Lair:6   | Reached skill level 1 in Poison Magic
 17757 | Spider:1 | Entered Level 1 of the Spider Nest
 17767 | Lair:6   | Reached skill level 1 in Fire Magic
 18024 | Lair:6   | Found a staircase to the Slime Pits.
 18319 | Lair:6   | Reached skill level 12 in Unarmed Combat
 18909 | Lair:6   | Received a gift from Okawaru
 19119 | Lair:7   | Found a labyrinth entrance.
 19131 | Lab      | Entered a labyrinth
 19357 | Lab      | Got a faintly glowing lead ring
 19362 | Lab      | Got a transparent great sword {slice}
 19375 | Lab      | Identified the +9 great sword of the Many Wishes {slice, rElec rF+++ Str+4 Dex-2} (You took it off a minotaur in a labyrinth)
 19403 | Lab      | Identified the cursed ring of the Failed Coup {rPois Str-5} (You took it off a minotaur in a labyrinth)
 19896 | D:11     | Noticed a hill giant
 19905 | D:11     | Killed a hill giant
 19958 | Orc:1    | Entered Level 1 of the Orcish Mines
 20380 | Orc:1    | Noticed Maurice
 20390 | Orc:1    | Killed Maurice
 20640 | Orc:2    | Noticed Harold
 20653 | Orc:2    | Killed Harold
 20708 | Orc:2    | Found Agabbo's Assorted Antiques.
 20717 | Orc:2    | Bought 2 sedimented yellow potions for 52 gold pieces
 20838 | Orc:2    | Reached skill level 13 in Unarmed Combat
 21117 | Orc:4    | Entered Level 4 of the Orcish Mines
 21202 | Orc:3    | Noticed Nergalle
 21209 | Orc:3    | Killed Nergalle
 21386 | Orc:3    | Found a staircase to the Elven Halls.
 21695 | Orc:4    | Noticed brucemayne's ghost (journeyman DsBe)
 21780 | Orc:4    | Killed brucemayne's ghost
 22529 | Orc:4    | Noticed an orc warlord
 22659 | Orc:4    | Killed an orc warlord
 23137 | Orc:4    | Found a roughly hewn altar of Beogh.
 23172 | Orc:4    | Reached XP level 15. HP: 74/148 MP: 14/20
 23390 | Orc:4    | Found Hioj's General Store.
 23395 | Orc:4    | Found Oxtibry's Antique Armour Shoppe.
 23411 | Orc:4    | Bought a runed robe for 19 gold pieces
 23419 | Orc:4    | Found Ugaunu Wira's Antique Weapon Shoppe.
 23451 | Orc:4    | Bought a scroll of teleportation for 36 gold pieces
 23451 | Orc:4    | Bought a scroll of identify for 24 gold pieces
 23587 | Orc:4    | Found Wafos's Jewellery Shoppe.
 24605 | Lair:7   | Reached skill level 14 in Unarmed Combat
 24611 | Lair:7   | Received a gift from Okawaru
 25012 | Lair:8   | Entered Level 8 of the Lair of Beasts
 25144 | Lair:8   | Received a gift from Okawaru
 25801 | Lair:8   | Received a gift from Okawaru
 25830 | Lair:8   | Found a burning altar of Makhleb.
 26297 | Lair:8   | Reached skill level 10 in Transmutations
 26674 | Lair:8   | Found a gateway to Hell.
 27068 | Lair:1   | Learned a level 5 spell: Irradiate
 27139 | D:13     | Killed Azrael
 27139 | D:13     | Reached skill level 1 in Conjurations
 27334 | D:13     | Noticed Maud
 27342 | D:13     | Killed Maud
 27437 | D:13     | Noticed a vault guard
 27467 | D:13     | Noticed a centaur warrior
 27470 | D:13     | Killed a vault guard
 27472 | D:13     | Killed a centaur warrior
 27472 | D:13     | Received a gift from Okawaru
 27878 | D:13     | Found a gate to the Vaults.
 28060 | D:14     | Noticed Frances
 28073 | D:14     | Killed Frances
 28073 | D:14     | Reached XP level 16. HP: 143/156 MP: 14/21
 28343 | D:14     | Noticed Nessos
 28723 | Shoals:1 | Entered Level 1 of the Shoals
 28951 | Shoals:1 | HP: 6/156 [drowned by a water elemental (9)]
 28951 | Shoals:1 | Slain by a water elemental

Vault maps used:
D:1:      shiori_shiawase
D:2:      lemuel_doored_altar, lemuel_coloured_pillars_altar
D:3:      minmay_door_path
D:4:      gammafunk_temple_overflow_claw, nicolae_overflow_hidden_temple,
          serial_shops, shop, shop, minmay_snake_closets
D:5:      temple_hall, first_bread
D:6:      lightli_temple_of_fire, kennysheep_mini, serial_bayou,
          serial_bayou_crossing, serial_bayou_pond_b, serial_bayou_shore_b,
          serial_bayou_pond_d, serial_bayou_pond_a
D:7:      overflow_temple_1_default, serial_shops, nicolae_shop_behind_doors,
          shop, okawaru_ov_weapons_minmay, uniq_pikel, uniq_duvessa
D:8:      uniq_erica
D:9:      elyvilon_altar_3, hangedman_tell_no_tales, st_stairs_12
D:10:     serial_shops, kennysheep_little_box, lightli_minifort
D:11:     lair_0_dummy, david_orc_1_choice, basic_altar
D:12:     special_room, serial_shops, nicolae_shop_window_shopping,
          hangedman_corner_corridor, uniq_josephine, uniq_gastronok, uniq_urug,
          uniq_rupert
D:13:     david_vaults_5, uniq_snorg, uniq_azrael, uniq_maud
D:14:     serial_shops, shop, kennysheep_donut, uniq_frances, uniq_nessos
Temple:   hc_temple_tempest_star_small
Lair:1:   wad_woods_road_01, minmay_holes, beast_lair_carwin_8,
          serial_bayou_shore_a
Lair:2:   minivault_19
Lair:3:   basic_altar
Lair:5:   elwin_shoals_entry_rooms, pond
Lair:6:   beast_lair_carwin_large_3, spider_nest_entry_rubble,
          dpeg_slime_entry_corner
Lair:7:   lab_entry_generic
Lair:8:   evil_forest
Spider:1: uniq_louise
Orc:1:    uniq_maurice
Orc:2:    serial_shops, nicolae_shop_stone, uniq_harold
Orc:3:    nicolae_orc_pool_cavern, uniq_nergalle
Orc:4:    grunt_orc_cross, guppyfry_library_mini
Lab:      labyrinth_spiral, nicolae_lab_stuck, nicolae_lab_big_swirl,
          nicolae_lab_flowing_pool, nicolae_lab_t_cross

Action                   |  1- 3 |  4- 6 |  7- 9 | 10-12 | 13-15 | 16-18 || total
-------------------------+-------+-------+-------+-------+-------+-------++-------
Melee: Unarmed           |   118 |    86 |   304 |   651 |  1696 |    72 ||  2927
       Giant club        |       |       |       |    34 |    15 |       ||    49
Throw: Javelin           |       |       |       |    12 |       |       ||    12
       Large rock        |       |       |       |    33 |   133 |     7 ||   173
 Cast: Beastly Appendage |       |       |       |     7 |     7 |       ||    14
       Blade Hands       |       |       |       |       |    18 |     1 ||    19
       Ignite Poison     |       |       |       |       |     6 |       ||     6
Invok: Heroism           |       |       |       |    21 |    43 |     2 ||    66
       Finesse           |       |       |       |     2 |     3 |       ||     5
Evoke: Wand              |       |       |       |     3 |     2 |       ||     5
  Use: Scroll            |     5 |     2 |    11 |    20 |    22 |     2 ||    62
       Potion            |       |       |     1 |     4 |     6 |     4 ||    15
 Stab: Sleeping          |     3 |     2 |     4 |     2 |    12 |       ||    23
       Distracted        |       |       |       |     1 |     1 |       ||     2
       Petrified         |       |       |       |       |     1 |       ||     1
  Eat: Chunk             |    18 |    12 |    31 |    57 |   153 |     8 ||   279
       Beef jerky        |       |       |     1 |     2 |     1 |       ||     4
       Pizza             |       |       |     1 |       |     1 |       ||     2
       Royal jelly       |       |       |       |     4 |     1 |       ||     5
       Fruit             |       |       |       |       |     3 |     6 ||     9
